AoeStats
← ThunderboltX

Arabia

503282459Analyzed
2v2 RM · 1mo ago on Aug 31, 2026· 13m 50s· 4 players
Game mode
Random Map
Map size
Medium (4 player)
Population
200
Speed
Normal
Resources
Standard
Victory
Conquest
Starting age
Dark Age
Ending age
Imperial Age
RankedLock teamsTeams togetherTeam positionsShared explorationLock speedFull tech treeHidden civsTurbo modeCheats
Victory
Defeat
🇫🇷 Romans · France
2186
+6
🇧🇬 Khitans · Bulgaria
1803
+37
🇮🇳 Tupi · India
2021
-17
🇺🇸 Bulgarians · United States
1853
-10
ThunderboltX
5:02 Loom
8:15 Feudal Age
8:56 Double-Bit Axe
OS+ | NeoZz
8:04 Loom
10:26 Feudal Age
10:36 Man-at-Arms
11:02 Double-Bit Axe
DS_Dragonstar
4:35 Loom
8:01 Feudal Age
11:31 Fletching
OS+ | The Wilderness
6:24 Loom
9:18 Feudal Age
Connection lost

Rejoining the realm…

Still unreachable

The connection could not be restored.

Session expired

The server has moved on; the page needs a fresh start.